 Dungeon Crawl Stone Soup version 0.20.1-1-g8b1a95d (webtiles) character file.

770 vineage the Chopper (level 7, 0/56 HPs)
             Began as a Demonspawn Gladiator on Aug 22, 2017.
             Slain by vineage's ghost (10 damage)
             ... on level 6 of the Dungeon.
             The game lasted 00:07:08 (4926 turns).

vineage the Chopper (Demonspawn Gladiator)          Turns: 4926, Time: 00:07:09

Health: 0/56       AC: 14    Str: 16      XL:     7   Next: 52%
Magic:  7/7        EV:  5    Int:  9      God:
Gold:   260        SH:  0    Dex: 11 (15) Spells: 6/6 levels left

rFire    . . .     SeeInvis +   a - +0 war axe
rCold    . . .     Gourm    .   (no shield)
rNeg     . . .     Faith    .   r - +0 plate armour
rPois    .         Spirit   .   (helmet restricted)
rElec    .         Reflect  .   (no cloak)
rCorr    .         Harm     .   p - +0 pair of gloves
MR       +....                  (no boots)
Stlth    ..........             (no amulet)
Regen    0.2/turn               l - ring of protection from magic
MPRegen  0.1/turn               s - ring of see invisible

@: berserk cooldown, slowed, very slow
A: horns 1, rugged brown scales 2, powered by death 1, powered by pain 1
a: no special abilities


You were on level 6 of the Dungeon.
You were hungry.

You visited 1 branch of the dungeon, and saw 6 of its levels.

You collected 260 gold pieces.

Inventory:

Hand Weapons
 a - a +0 war axe (weapon)
Missiles
 d - 3 throwing nets (quivered)
Armour
 b - a +0 leather armour
 c - a +0 helmet
 p - a +0 pair of gloves (worn)
 r - a +0 plate armour (worn)
Jewellery
 l - a ring of protection from magic (left hand)
 s - a ring of see invisible (right hand)
Wands
 z - a wand of confusion (31/48)
Scrolls
 e - a scroll of teleportation
 h - 3 scrolls of magic mapping
 j - 3 scrolls of amnesia
 m - a scroll of remove curse
 v - a scroll of random uselessness {unknown}
 y - a scroll of enchant armour {unknown}
 A - 5 scrolls of identify
 B - a scroll of recharging {unknown}
 C - a scroll of summoning {unknown}
Potions
 g - a potion of berserk rage
 k - 2 potions of agility {unknown}
 n - a potion of lignification
 o - a potion of might
 q - a potion of mutation
 t - 2 potions of heal wounds
 u - 3 potions of curing
 w - a potion of degeneration {unknown}
Comestibles
 f - 4 bread rations
 i - 3 meat rations
 x - a royal jelly


   Skills:
 + Level 4.1 Fighting
 + Level 6.3 Axes
 + Level 1.9 Throwing
 + Level 2.8 Armour
 + Level 3.2 Dodging
 + Level 0.4 Stealth


You had 6 spell levels left.
You didn't know any spells.

Dungeon Overview and Level Annotations

Branches:
Dungeon (6/15)
 Temple: D:4-7

Altars:
Sif Muna

Annotations:
D:6 vineage's ghost, novice DsGl


Innate Abilities, Weirdness & Mutations

You have a pair of small horns on your head.
You are mostly covered in rugged brown scales. (AC +2, +5% HP)
You regenerate a little health from kills.
You sometimes gain a little power by taking damage.


Message History

The orc warrior is heavily wounded.
Your plate armour prevents you from hitting vineage's ghost.
Vineage's ghost hits you!
The orc warrior hits you from afar with a trident.
You feel a strong urge to attack something.
You are no longer berserk.
You are exhausted.
You feel yourself slow down.
The orc warrior hits you from afar with a trident!
* * * LOW HITPOINT WARNING * * *
Vineage's ghost completely misses you.
You feel much better.
The orc warrior hits you but does no damage.
Vineage's ghost hits you!
The orc warrior hits you but does no damage.
Vineage's ghost hits you but does no damage.
The orc warrior hits you from afar with a trident!
* * * LOW HITPOINT WARNING * * *
Vineage's ghost hits you!
You die...

................
#...............# .
................#..
.............#.....
#.................
#........†).).#
#........o..#
#........W..# ##
##......@Y..# .###
#...†.....## ...#
####.....## ..####
##..#### #....####
##..##
####....###.>##
####.....## ###..##
##.##


You could see an orc warrior, an ice beast and vineage's ghost.

Vanquished Creatures
  A necrophage (D:6)
  An ogre (D:6)
  A bullfrog (D:3)
  2 scorpions
  A quasit (D:5)
  2 bullfrog skeletons
  2 centaur skeletons (D:5)
  An orc wizard (D:4)
  3 worker ants
  2 hound skeletons (D:4)
  4 adders
  An adder zombie (D:5)
  An ooze (D:2)
  A worm (D:4)
  3 dart slugs
  A leopard gecko (D:1)
  14 orcs
  A ball python (D:5)
  8 bats
  3 giant cockroaches
  4 goblins
  13 hobgoblins
  17 jackals
  4 quokkas
  5 frilled lizards
  8 kobolds
  5 rats
109 creatures vanquished.

Notes
Turn   | Place    | Note
-------+----------+-------------------------------------------
     0 | D:1      | vineage the Demonspawn Gladiator began the quest for the Orb.
     0 | D:1      | Reached XP level 1. HP: 16/16 MP: 1/1
    77 | D:1      | Gained mutation: You are partially covered in rugged brown scales. (AC +1, +3% HP) [demonic ancestry]
    77 | D:1      | Reached XP level 2. HP: 8/22 MP: 2/2
   382 | D:1      | Reached skill level 3 in Axes
   857 | D:1      | Gained mutation: You are mostly covered in rugged brown scales. (AC +2, +5% HP) [demonic ancestry]
   857 | D:1      | Reached XP level 3. HP: 20/28 MP: 3/3
  1264 | D:2      | You fall through a shaft!
  1706 | D:2      | Gained mutation: You sometimes gain a little power by taking damage. [demonic ancestry]
  1706 | D:2      | Reached XP level 4. HP: 32/34 MP: 4/4
  1863 | D:2      | Found a deep blue altar of Sif Muna.
  1941 | D:3      | Noticed a bullfrog
  1975 | D:3      | Killed a bullfrog
  1975 | D:3      | Reached skill level 4 in Axes
  1975 | D:3      | Reached skill level 1 in Armour
  1975 | D:3      | Reached XP level 5. HP: 13/43 MP: 5/5
  3334 | D:4      | Gained mutation: You regenerate a little health from kills. [demonic ancestry]
  3334 | D:4      | Reached XP level 6. HP: 29/49 MP: 6/6
  3645 | D:5      | Entered Level 5 of the Dungeon
  3857 | D:5      | Reached skill level 5 in Axes
  4616 | D:6      | Gained mutation: You have a pair of small horns on your head. [demonic ancestry]
  4616 | D:6      | Reached XP level 7. HP: 54/55 MP: 7/7
  4895 | D:6      | Reached skill level 6 in Axes
  4913 | D:6      | Noticed vineage's ghost (novice DsGl)
  4926 | D:6      | Slain by vineage's ghost

Skill      XL: |  1  2  3  4  5  6  7 |
---------------+----------------------+-----
Axes           | 3 4 5 6 |  6.3
Dodging        | 3 |  3.2
Fighting       | 3 4 |  4.1
Armour         | 1 2 |  2.8
Throwing       | |  1.9
Stealth        | |  0.4

Action                   |  1- 3 |  4- 6 |  7- 9 || total
-------------------------+-------+-------+-------++-------
Melee: War axe           |   140 |   249 |    29 ||   418
       Headbutt          |       |       |     4 ||     4
  Use: Potion            |       |     1 |     3 ||     4
       Scroll            |       |     8 |       ||     8
  Eat: Royal jelly       |     1 |     2 |       ||     3
       Chunk             |       |     7 |       ||     7
Armor: Leather armour    |    44 |       |       ||    44
       Plate armour      |    29 |   278 |    23 ||   330
Dodge: Dodged            |   118 |   105 |    15 ||   238
